 Dungeon Crawl Stone Soup version 0.20-a0-16-g0876c8e (webtiles) character file.

11 MrRokkomies the Caller (level 2, -2/20 HPs)
             Began as a Vampire Summoner on Nov 4, 2016.
             Slain by a worm (11 damage)
             ... on level 1 of the Dungeon.
             The game lasted 00:03:06 (431 turns).

MrRokkomies the Caller (Vampire Summoner)            Turns: 431, Time: 00:03:07

Health: -2/20      AC:  4    Str:  7    XL:     2   Next: 13%
Magic:  3/5        EV: 12    Int: 17    God:
Gold:   27         SH:  0    Dex: 14    Spells: 1 memorised, 4 levels left

rFire  . . .     SeeInvis +     d - +0 hand axe
rCold  . . .     Gourm    .     a - +0 robe
rNeg   + . .     Faith    .     (no shield)
rPois  .         Spirit   .     (no helmet)
rElec  .         Reflect  .     h - +0 cloak
rCorr  .         Harm     .     f - +0 pair of gloves
MR     .....                    (no boots)
Stlth  ++........               (no amulet)
                                (no ring)
                                (no ring)

@: no status effects
A: fangs 3, see invisible, unbreathing
a: no special abilities


You were on level 1 of the Dungeon.
You were not thirsty.

You visited 1 branch of the dungeon, and saw 1 of its levels.

You collected 27 gold pieces.

Inventory:

Hand Weapons
 d - a +0 hand axe (weapon)
Missiles
 g - 16 stones (quivered)
Armour
 a - a +0 robe (worn)
 f - a +0 pair of gloves (worn)
 h - a +0 cloak (worn)
Scrolls
 e - 2 scrolls of amnesia {unknown}
Potions
 c - a potion of blood
Books
 b - a book of Callings

   Spells                             Type                      Level
   a - Summon Small Mammal            Summoning                    1
   b - Call Imp                       Summoning                    2
   c - Call Canine Familiar           Summoning                    3
   d - Summon Guardian Golem          Hexes/Summoning              3
   e - Summon Lightning Spire         Summoning/Air                4
   f - Summon Ice Beast               Ice/Summoning                4


   Skills:
 - Level 0.6 Fighting
 * Level 0.0 Throwing
 - Level 2.1 Dodging
 - Level 3.0 Stealth
 - Level 2.0 Spellcasting
 * Level 4.3 Summonings


You had 4 spell levels left.
You knew the following spells:

 Your Spells              Type           Power        Failure   Level  Hunger
a - Summon Small Mammal   Summ           ###.         3%          1    #......


Dungeon Overview and Level Annotations

Branches:
Dungeon (1/15)

Altars:


Innate Abilities, Weirdness & Mutations

You have razor-sharp teeth.
You have supernaturally acute eyesight. (SInv)
You can survive without breathing.


Message History

The javelin of penetration pierces through the worm but does no damage.
The worm is moderately wounded.
Fire/throw which item? (* to show all) (? for menu, Esc to quit)
Press: ? - help, Shift-Dir - straight line, f/p - worm
Aim: a worm (moderately wounded)
You throw a javelin of penetration.
The javelin of penetration pierces through the worm.
The worm is heavily wounded.
Casting: Summon Small Mammal
Confirm with . or Enter, or press ? or * to list all spells.
The worm bites you.
Casting: Summon Small Mammal
Confirm with . or Enter, or press ? or * to list all spells.
Your bat hits the worm. You hit the worm.
The worm is severely wounded.
Your bat hits the worm but does no damage.
Your bat hits the worm. The worm bites you!
Ouch! That really hurt!
You die...

..# #.......# ..####.......#
##### .... .>...........########
#...# .... ..#.##..............#
#...##....
..#.##..............####...#....
..#..#..............+.##..$#...
..##.#..............#.##...$.###
..##.#..............#.###.#....#.
......÷.........@w....)((...(..>.
#####...........rb..#.....####...
#.#######.......####### . #..#
#..........#
######'###....#######
..%...........# ..%....÷......#
..............# ###############
..........########...[.........##


You could see a worm, a friendly quokka and a friendly bat.

Vanquished Creatures
  4 bats (D:1)
  A goblin (D:1)
  A hobgoblin (D:1)
6 creatures vanquished.

Vanquished Creatures (collateral kills)
  4 jackals (D:1)
4 creatures vanquished.

Grand Total: 10 creatures vanquished

Notes
Turn   | Place    | Note
-------+----------+-------------------------------------------
     0 | D:1      | MrRokkomies the Vampire Summoner began the quest for the Orb.
     0 | D:1      | Reached XP level 1. HP: 13/13 MP: 3/3
   191 | D:1      | Reached XP level 2. HP: 10/20 MP: 5/5
   431 | D:1      | Slain by a worm

Vault maps used:
D:1:      dpeg_arrival_water_temple_mockup

Action                   || total
-------------------------++-------
Melee: Hand axe          ||    21
       Bite              ||     1
Throw: Javelin           ||     6
 Cast: Summon Small Mamm ||     5
 Stab: Sleeping          ||     2
Armor: Robe              ||     8
Dodge: Dodged            ||    22
